 Dungeon Crawl Stone Soup version 0.30-a0-723-gc1506a1cf0 (webtiles) character file.

Game seed: 12724518051186725346

547 jimonade the Cutter (level 7, -5/37 HPs)
             Began as a Vine Stalker Fighter on Jan 28, 2023.
             Slain by Edmund
             ... wielding a +2 heavy flail
              (11 damage)
             ... on level 4 of the Dungeon.
             The game lasted 00:07:16 (2644 turns).

jimonade the Cutter (Vine Stalker Fighter)          Turns: 2644, Time: 00:07:16

Health: -5/37      AC:  7    Str: 19    XL:     7   Next: 28%
Magic:  0/8        EV:  7    Int:  8    God:
Gold:   225        SH:  9    Dex: 15    Spells: 6/6 levels left

rFire   . . .      SeeInvis .    a - +0 rapier (flame)
rCold   . . .      Faith    .    p - +0 kite shield
rNeg    . . .      Spirit   +    b - +0 scale mail
rPois   .          Reflect  .    j - +0 helmet
rElec   .          Harm     .    (no cloak)
rCorr   .          Rampage  .    (no gloves)
Will    .....                    (no boots) Stlth
                                 h - amulet of the acrobat
HPRegen 1.06/turn                (no ring)
MPRegen 0.11/turn                (no ring)

@: no status effects
A: fangs 2, regeneration 1, magic shield, antimagic bite, no potion heal 2
a: no special abilities


You were on level 4 of the Dungeon.
You visited 1 branch of the dungeon, and saw 4 of its levels.

You collected 225 gold pieces.

Inventory:

Hand Weapons
 a - a +0 rapier of flaming (weapon)
 l - a +0 sling
 m - a +0 dagger
 n - a +0 short sword
Missiles
 k - 10 poisoned darts (quivered)
 o - 36 stones
Armour
 b - a +0 scale mail (worn)
 c - a +0 buckler
 i - a +0 leather armour
 j - a +0 helmet (worn)
 p - a +0 kite shield (worn)
Jewellery
 h - an amulet of the acrobat (around neck)
Wands
 d - a wand of polymorph (7)
 e - a wand of flame (6)
Scrolls
 r - a scroll of enchant armour {unknown}
 s - a scroll of poison
Potions
 f - 4 potions of curing
 g - 3 potions of haste
 q - 3 potions of lignification
 u - a potion of flight


   Skills:
 + Level 3.7 Fighting
 * Level 6.2 Short Blades
 - Level 2.4 Armour
 + Level 3.3 Shields
 + Level 0.7 Unarmed Combat


You had 6 spell levels left.
You didn't know any spells.
Your spell library contained the following spells:

 Spells                   Type           Power      Damage    Failure   Level
 Magic Dart               Conj           0%         1d3       99%         1
 Call Imp                 Summ           0%         N/A       99%         2
 Mephitic Cloud           Conj/Pois/Air  0%         N/A       100%        3
 Summon Forest            Summ/Tloc      0%         N/A       100%        5
 Summon Mana Viper        Hex/Summ       0%         N/A       100%        5
 Summon Cactus Giant      Summ           0%         N/A       100%        6


Dungeon Overview and Level Annotations

Branches:
Dungeon (4/15)
 Temple: D:4-7

Altars:
Makhleb

Shops:
D:2 [

Annotations:
D:2 exclusion: downstairs
D:3 exclusion: downstairs
D:4 Edmund


Innate Abilities, Weirdness & Mutations

You have extremely sharp teeth.
Your natural rate of healing is unusually fast.
When hurt, damage is shared between your health and your magic reserves.
Your bite disrupts and absorbs the magic of your enemies.
Potions cannot restore your health.


Message History

Edmund shouts!
You barely miss Edmund. Your bite misses Edmund. Edmund completely misses you.
You closely miss Edmund. You bite Edmund. You drain his power.
Edmund is lightly wounded.
Edmund barely misses you.
You hit Edmund. You burn Edmund. You bite Edmund, but do no damage.
Edmund is moderately wounded.
You hit Edmund. You burn Edmund.
Edmund is moderately wounded.
Edmund hits you with a +2 heavy flail!
You hit Edmund. You burn Edmund.
Edmund is moderately wounded.
You block Edmund's attack.
You hit Edmund. You burn Edmund. You bite Edmund, but do no damage.
Edmund is heavily wounded.
You barely miss Edmund.
Edmund is heavily wounded.
Edmund barely misses you.
You hit Edmund but do no damage. Your bite misses Edmund.
Edmund is heavily wounded.
Edmund hits you with a +2 heavy flail!!
You barely miss Edmund.
Edmund is heavily wounded.
You hit Edmund. You burn Edmund. You bite Edmund. You drain his power.
You feel invigorated.
Edmund is severely wounded.
You block Edmund's attack.
You hit Edmund. You burn Edmund.
Edmund is almost dead.
Edmund hits you with a +2 heavy flail!!
* * * LOW HITPOINT WARNING * * *
You hit Edmund. You burn Edmund. Your bite misses Edmund.
Edmund is almost dead.
You block Edmund's attack.
You hit Edmund but do no damage.
Edmund is almost dead.
You barely miss Edmund.
Edmund is almost dead.
Edmund hits you with a +2 heavy flail!
You die...

#............##.....# ##..
#...........####.##.# #...
#................##.###.##
..................##......#
..............^###.......###
......#........####....#.##
.............<.#....#..#..##
......######@##..####..##..#
.### #@##.# ##...#.#
########..#.######.....##
....................#....
....###.#..#######.###...
#...)..................
#...#####..#####.##..##
#..## ##.# #<#..)# ##.## #.#
#.#..## ....##### #.# #....#


You could see Edmund.

Vanquished Creatures
  Sigmund (D:3)
  An ogre (D:4)
  A scorpion (D:4)
  Natasha (thrice) (D:2)
  An orc wizard (D:4)
  A gnoll (D:1)
  3 adders
  4 worms
  2 orcs
  7 ball pythons
  10 bats
  6 endoplasms
  3 giant cockroaches (D:1)
  11 goblins
  13 hobgoblins
  6 quokkas
  2 frilled lizards (D:1)
  9 kobolds
  4 rats
88 creatures vanquished.

Notes
Turn   | Place    | Note
-------+----------+-------------------------------------------
     0 | D:1      | jimonade the Vine Stalker Fighter began the quest for the
                  | Orb.
     0 | D:1      | Reached XP level 1. HP: 11/11 MP: 2/2
    49 | D:1      | Reached XP level 2. HP: 15/16 MP: 3/3
    77 | D:1      | Reached skill level 2 in Short Blades
   138 | D:1      | Reached XP level 3. HP: 20/20 MP: 4/4
  1013 | D:2      | Reached skill level 3 in Short Blades
  1013 | D:2      | Gained mutation: Your natural rate of healing is unusually
                  | fast. [Vine Stalker growth]
  1013 | D:2      | Reached XP level 4. HP: 24/24 MP: 5/5
  1033 | D:2      | Noticed Natasha
  1040 | D:2      | Killed Natasha
  1097 | D:2      | Found Petaiqump's Antique Armour Shoppe.
  1273 | D:2      | Noticed Natasha
  1283 | D:2      | Killed Natasha
  1284 | D:2      | Reached skill level 4 in Short Blades
  1284 | D:2      | Reached XP level 5. HP: 19/28 MP: 3/6
  1308 | D:2      | Noticed Natasha
  1357 | D:2      | Killed Natasha
  1618 | D:3      | Noticed Sigmund
  1821 | D:3      | Killed Sigmund
  1822 | D:3      | Reached skill level 5 in Short Blades
  1822 | D:3      | Reached XP level 6. HP: 32/32 MP: 7/7
  1950 | D:3      | Found a burning altar of Makhleb.
  1950 | D:3      | Noticed a cacodemon
  2446 | D:4      | Reached XP level 7. HP: 14/36 MP: 3/8
  2513 | D:4      | Noticed Edmund
  2578 | D:4      | Reached skill level 6 in Short Blades
  2644 | D:4      | Slain by Edmund

Illustrated notes

Levels and vault maps discovered:
D:1:      elethiomel_arrival_quiet, layout_basic
D:2:      kennysheep_six_static_rooms, layout_rooms, serial_shops, shop,
          uniq_natasha
D:3:      layout_rooms, makhleb_altar_promises_db, uniq_sigmund
D:4:      dreamdust_elfheim, layout_rooms, serial_bayou_crossing, uniq_grinder,
          uniq_edmund

Skill      XL: |  1  2  3  4  5  6  7 |
---------------+----------------------+-----
Short Blades   | 2 3 4 5 6 |  6.2
Fighting       | 3 |  3.7
Shields        | 3 |  3.3
Armour         | |  2.4
Unarmed Combat | |  0.7

Action                     |  1- 3 |  4- 6 |  7- 9 || total
---------------------------+-------+-------+-------++-------
  Melee: Rapier            |   102 |   166 |    35 ||   303
         Bite              |    24 |    50 |     9 ||    83
         Unarmed           |       |    20 |       ||    20
    Use: Potion            |       |     1 |       ||     1
         Scroll            |       |    11 |       ||    11
 Armour: Scale mail        |    32 |    48 |     4 ||    84
  Dodge: Dodged            |    40 |    80 |    14 ||   134
  Block: Buckler           |    16 |    33 |     3 ||    52
         Kite shield       |       |       |     9 ||     9

Table legend: (Time is in decaauts)
 A = Elapsed time spent in this place.
 B = Non-inter-level travel time spent in this place.
 C = Inter-level travel time spent in this place.
 D = Time resting spent in this place.
 E = Time spent auto-exploring this place.
 F = Levels seen in this place.
 G = Mean time per level.
                   A        B        C        D        E       F      G
               +--------+--------+--------+--------+--------+-----+--------+
         Total |   2662 |   2437 |    225 |    212 |   1458 |   4 |  665.5 |
       Dungeon |   2662 |   2437 |    225 |    212 |   1458 |   4 |  665.5 |
               +--------+--------+--------+--------+--------+-----+--------+

Top non-repeatable levels by time:
     D:1: 930 daAuts
     D:2: 866 daAuts
     D:3: 647 daAuts
     D:4: 218 daAuts
